 Dungeon Crawl Stone Soup version 0.29-a0-370-gb5314be063 (webtiles) character file.

Game seed: 15122137399132376471

4406 Colgate the Slicer (level 10, -12/64 HPs)
             Began as a Kobold Brigand on May 2, 2022.
             Was a Priest of Nemelex Xobeh.
             Shot with an arrow by a centaur warrior (15 damage)
             ... on level 8 of the Dungeon.
             The game lasted 00:37:13 (9198 turns).

Colgate the Slicer (Kobold Brigand)                 Turns: 9198, Time: 00:37:14

Health: -12/64     AC: 10    Str:  8    XL:     10   Next: 61%
Magic:  15/15      EV: 18    Int: 12    God:    Nemelex Xobeh [***...]
Gold:   381        SH:  0    Dex: 22    Spells: 9/9 levels left

rFire   . . .      SeeInvis .   b - +2 quick blade (freeze)
rCold   . . .      Faith    +   (no shield)
rNeg    . . .      Spirit   .   h - +1 leather armour {rPois}
rPois   +          Reflect  .   r - +2 helmet
rElec   .          Harm     .   x - +2 cloak
rCorr   +          Rampage  .   (no gloves)
Will    .....                   (no boots)
Stlth   +++++.....              H - amulet of faith
HPRegen 0.20/turn               F - ring of resist corrosion
MPRegen 0.14/turn               (no ring)

@: no status effects
A: small, no large weapons, nightstalker 3
a: Renounce Religion, Draw Escape, Draw Destruction, Draw Summoning, Triple Draw


You were on level 8 of the Dungeon.
You worshipped Nemelex Xobeh.
Nemelex Xobeh was most pleased with you.
You visited 1 branch of the dungeon, and saw 8 of its levels.
You also visited: Ossuary.

You collected 381 gold pieces.

Inventory:

Hand Weapons
 a - a +2 dagger of draining
 b - a +2 quick blade of freezing (weapon)
 E - a +0 rapier
Missiles
 d - 40 poisoned darts (quivered)
 e - 3 curare-tipped darts
 A - 3 boomerangs
Armour
 h - a +1 leather armour of poison resistance (worn)
 r - a +2 helmet (worn)
 x - a +2 cloak (worn)
 M - a scarf of resistance
Magical Staves
 u - a staff of death
Jewellery
 F - a ring of resist corrosion (left hand)
 H - an amulet of faith (around neck)
Wands
 o - a wand of iceblast (5) {@v2}
 D - a wand of polymorph (8)
 N - a wand of charming (9)
Scrolls
 j - 2 scrolls of amnesia
 l - 3 scrolls of teleportation {@r3}
 n - a scroll of immolation {unknown}
 q - a scroll of fear {unknown}
 v - 2 scrolls of acquirement {unknown}
 y - a scroll of blinking {@r4}
 B - a scroll of brand weapon
 G - a scroll of noise {unknown}
 I - a scroll of fog
 J - a scroll of silence
 L - a scroll of vulnerability {unknown}
Potions
 c - 4 potions of resistance {@q5}
 f - 2 potions of might {@q3}
 g - a potion of degeneration
 i - 3 potions of curing {unknown}
 k - 3 potions of haste {@q4}
 m - 3 potions of cancellation
 p - 3 potions of attraction
 s - 2 potions of heal wounds {unknown}
 t - 3 potions of brilliance
 w - a potion of ambrosia {unknown}
 z - a potion of invisibility {unknown}
 C - 2 potions of lignification {unknown}
 K - a potion of berserk rage {unknown}
 O - a potion of flight {unknown}


   Skills:
 - Level 8.1 Fighting
 - Level 8.9 Short Blades
 - Level 2.1 Throwing
 - Level 6.6 Dodging
 - Level 7.8 Stealth
 - Level 7.0 Invocations
 + Level 7.2 Evocations


You had 9 spell levels left.
You didn't know any spells.
Your spell library contained the following spells:

 Spells                   Type           Power      Damage    Failure   Level
 Slow                     Hex            0%         N/A       43%         1
 Confusing Touch          Hex            0%         N/A       82%         3
 Vampiric Draining        Necr           0%         2d6       82%         3


Dungeon Overview and Level Annotations

Branches:
Dungeon (8/15)             Temple (0/1) D:5         Ossuary (visited)
   Lair: D:8-11

Altars:
Nemelex Xobeh


Innate Abilities, Weirdness & Mutations

You are small and have problems with some larger weapons.
You are completely attuned to the shadows.


Message History

Your Evocations skill increases to level 7!
You are too injured to fight recklessly!
A centaur warrior comes into view.
Okay, then.
Aiming: Polymorph
Aim: a centaur warrior (will become an orb spider, a torpor snail, or a black mamba, chance to affect: 49%)
Okay, then.
Aiming: Iceblast
Aim: a centaur warrior
Okay, then.
Unknown command.
Here: a centaur warrior The floor.
Unknown command.
Here: a centaur warrior The floor.
Unknown command.
Okay, then.
You draw a card...
You have drawn the Dance.
The centaur warrior wields a +0 shortbow.
The centaur warrior shoots an arrow.
The arrow hits you!!
* * * LOW HITPOINT WARNING * * *
Here: a +3 demon trident of electrocution (summoned, friendly)
The floor, spattered with blood.
Your +3 demon trident of electrocution hits the centaur warrior from afar!!
The centaur warrior shoots an arrow.
The arrow hits your +3 demon trident of electrocution!
Things that are here:
a +0 dagger; a kobold corpse You draw a card...
You have drawn the Cloud.
Clouds appear around you!
The centaur warrior shoots an arrow.
The arrow hits your +3 demon trident of electrocution!!
Your +3 demon trident of electrocution is destroyed!
Your +3 demon trident of electrocution disappears in a puff of smoke!
You draw a card...
You have drawn the Illusion.
Suddenly you stand beside yourself.
The centaur warrior shoots an arrow.
The arrow closely misses Colgate's illusion.
The arrow hits you!
You die...
Your body glows with a rainbow of weird colours and disappears.

............#####.#
............##....#
............##.##..
...................
.>.....#....#
.........###.
....†##.#...
#############..#<#.#.#.
..§c@.@))))......#.#.#.
##################.#.<.
........# ####.....
####.# #.. ### #


You could see a centaur warrior and the friendly Colgate's illusion (summoned,
wandering).

Vanquished Creatures
  Grinder (D:4)
  Sigmund (D:3)
  A shadow (D:8)
  A steam dragon (D:6)
  Edmund (D:4)
  2 water moccasins (D:7)
  An orc warrior (D:8)
  2 sky beasts
  A black bear (D:5)
  3 ice beasts
  3 centaurs
  4 ogres
  An elf zombie (Ossuary)
  2 phantoms
  3 kobold brigands
  5 bullfrogs
  4 scorpions
  A necrophage (D:5)
  4 killer bees
  2 howler monkeys
  A human zombie (Ossuary)
  3 hounds
  4 orc priests
  The ghost of Turbonekonecno the Sneak, a weakling SpEn of Makhleb (D:4)
  2 jellies
  Ijyb (D:4)
  Natasha (thrice) (D:4)
  Terence (D:3)
  7 orc wizards
  4 hound zombies (Ossuary)
  3 mummies (Ossuary)
  3 adders
  3 gnolls (D:5)
  2 white imps
  2 ufetubi (D:5)
  An adder zombie (Ossuary)
  2 worms
  A dart slug (D:4)
  24 orcs
  5 endoplasms
  4 giant cockroaches
  7 goblins
  7 hobgoblins
  6 jackals
  18 kobolds
  4 quokkas
  4 ball pythons
  5 bats
  A frilled lizard (D:1)
  2 gnoll zombies (Ossuary)
  3 goblin zombies (Ossuary)
  6 hobgoblin zombies (Ossuary)
  3 jackal zombies (Ossuary)
  3 kobold zombies (Ossuary)
  2 orc zombies (Ossuary)
  7 quokka zombies (Ossuary)
  2 rats
  4 rat zombies (Ossuary)
204 creatures vanquished.

Notes
Turn   | Place    | Note
-------+----------+-------------------------------------------
     0 | D:1      | Colgate the Kobold Brigand began the quest for the Orb.
     0 | D:1      | Reached XP level 1. HP: 12/12 MP: 1/1
   258 | D:1      | Reached XP level 2. HP: 10/17 MP: 2/2
   460 | D:1      | You fall into a shaft and drop 1 floor!
  1090 | D:1      | Reached XP level 3. HP: 21/21 MP: 3/3
  1518 | D:2      | Found a sparkling altar of Nemelex Xobeh.
  1529 | D:2      | Became a worshipper of Nemelex Xobeh the Trickster
  1756 | D:2      | Reached XP level 4. HP: 26/26 MP: 4/4
  2085 | D:3      | Noticed a scorpion
  2089 | D:3      | Killed a scorpion
  2090 | D:3      | Reached XP level 5. HP: 30/30 MP: 5/5
  2432 | D:3      | Noticed Terence
  2436 | D:3      | Killed Terence
  2437 | D:3      | Reached skill level 1 in Invocations
  2535 | D:3      | Reached * piety under Nemelex Xobeh
  2613 | D:3      | Noticed Sigmund
  2620 | D:3      | Killed Sigmund
  2621 | D:3      | Reached XP level 6. HP: 39/39 MP: 7/7
  3182 | D:4      | Noticed Edmund
  3533 | D:4      | Reached XP level 7. HP: 44/44 MP: 8/8
  3574 | D:4      | Killed Edmund
  3575 | D:4      | Reached skill level 5 in Fighting
  3721 | D:4      | Noticed Ijyb
  3765 | D:4      | Killed Ijyb
  3952 | D:4      | Reached skill level 5 in Short Blades
  4109 | D:4      | Reached XP level 8. HP: 47/51 MP: 9/9
  4112 | D:4      | Noticed Natasha
  4126 | D:4      | Killed Natasha
  4166 | D:4      | Noticed Natasha
  4177 | D:4      | Killed Natasha
  4185 | D:4      | Noticed Natasha
  4215 | D:4      | Found a runed translucent gate.
  4215 | D:4      | Found a runed translucent gate.
  4216 | D:4      | Found a runed translucent gate.
  4586 | D:4      | Killed Natasha
  4605 | D:4      | Noticed Grinder
  4634 | D:4      | Killed Grinder
  4849 | D:4      | Noticed Turbonekonecno's ghost (weakling SpEn)
  4853 | D:4      | Killed Turbonekonecno's ghost
  4870 | D:5      | Entered Level 5 of the Dungeon
  5183 | D:5      | Found a staircase to the Ecumenical Temple.
  5193 | D:5      | Reached XP level 9. HP: 56/56 MP: 10/10
  5318 | D:5      | Found a sand-covered staircase.
  5373 | Ossuary  | Entered an ossuary
  5734 | Ossuary  | Received a gift from Nemelex Xobeh
  5920 | D:5      | Reached skill level 5 in Dodging
  6618 | D:6      | Reached skill level 1 in Evocations
  6671 | D:6      | Reached ** piety under Nemelex Xobeh
  7076 | D:6      | Reached XP level 10. HP: 64/64 MP: 12/12
  7353 | D:7      | Reached skill level 5 in Evocations
  7663 | D:7      | Reached skill level 5 in Invocations
  9050 | D:8      | Reached *** piety under Nemelex Xobeh
  9193 | D:8      | Noticed a centaur warrior
  9194 | D:8      | HP: 2/64 [centaur warrior/arrow (21)]
  9198 | D:8      | Shot with an arrow by a centaur warrior

Illustrated notes

Levels and vault maps discovered:
D:1:      dpeg_arrival_pond, layout_basic, dk_noncrumbling_3
D:2:      layout_rooms, basic_altar
D:3:      layout_loops_corners, uniq_terence, uniq_sigmund
D:4:      layout_rooms, ebering_ghost_rock_garden, uniq_ijyb, uniq_natasha,
          uniq_edmund, uniq_grinder
D:5:      layout_loops_ring, minmay_temple_entry_hall, enter_ossuary_2,
          grunt_decor_fettered
D:6:      layout_loops_cross
D:7:      layout_rooms, small_statue_intersection, roderic_cross_of_infinity,
          minmay_diced_spiral
D:8:      layout_basic

Skill      XL: |  1  2  3  4  5  6  7  8  9 10 |
---------------+-------------------------------+-----
Short Blades   | 3 4 5 8 |  8.9
Stealth        | 6 7 |  7.8
Invocations    | 1 2 3 7 |  7.0
Fighting       | 4 6 8 |  8.1
Dodging        | 3 4 6 |  6.6
Evocations     | 4 7 |  7.2
Throwing       | |  2.1

Action                   |  1- 3 |  4- 6 |  7- 9 | 10-12 || total
-------------------------+-------+-------+-------+-------++-------
Melee: Dagger            |    60 |    93 |    56 |    16 ||   225
       Punch             |     2 |       |     3 |     7 ||    12
       Quick blade       |       |       |   462 |   228 ||   690
       Unarmed           |       |       |     3 |       ||     3
Throw: Dart              |       |       |     6 |       ||     6
Invok: Draw Summoning    |       |       |       |     2 ||     2
       Draw Escape       |       |       |       |     1 ||     1
  Use: Scroll            |     1 |     3 |    12 |     2 ||    18
 Stab: Sleeping          |    20 |     9 |    34 |     9 ||    72
       Distracted        |       |     1 |     2 |     2 ||     5
Armor: Robe              |     2 |       |       |       ||     2
       Leather armour    |     9 |    25 |    45 |    40 ||   119
       Skin              |       |       |     1 |       ||     1
Dodge: Dodged            |    26 |    52 |   170 |    93 ||   341

Table legend: (Time is in decaauts)
 A = Elapsed time spent in this place.
 B = Non-inter-level travel time spent in this place.
 C = Inter-level travel time spent in this place.
 D = Time resting spent in this place.
 E = Time spent auto-exploring this place.
 F = Levels seen in this place.
 G = Mean time per level.
                   A        B        C        D        E       F      G
               +--------+--------+--------+--------+--------+-----+--------+
         Total |   8659 |   8222 |    437 |    219 |   6472 |   9 |  962.1 |
       Dungeon |   8332 |   7895 |    437 |    219 |   6308 |   8 | 1041.5 |
       Ossuary |    327 |    327 |      0 |      0 |    164 |   1 |  327.0 |
               +--------+--------+--------+--------+--------+-----+--------+

Top non-repeatable levels by time:
     D:3: 1432 daAuts
     D:1: 1429 daAuts
     D:4: 1223 daAuts
     D:5: 1195 daAuts
     D:6: 917 daAuts
     D:7: 842 daAuts
     D:2: 658 daAuts
     D:8: 631 daAuts
 Ossuary: 327 daAuts
